AoeStats
← El Don Natas

Arabia

509248452Analyzed
2v2 RM · 7d ago on Sep 26, 2026· 57m 59s· 4 players
Game mode
Random Map
Map size
Medium (4 player)
Population
200
Speed
Normal
Resources
Standard
Victory
Conquest
Starting age
Dark Age
Ending age
Imperial Age
RankedLock teamsTeams togetherTeam positionsShared explorationLock speedFull tech treeHidden civsTurbo modeCheats
Victory
Defeat
🇺🇸 Khmer · United States
1110
+14
🇺🇸 Varangians · United States
1102
+14
🇨🇱 Poles · Chile
1073
-14
🇨🇱 Portuguese · Chile
1068
-14
SirGeorgeWL
10:14 Feudal Age
10:48 Double-Bit Axe
10:50 Loom
23:07 Castle Age
21:40 Fletching
21:51 Padded Archer Armor
22:47 Wheelbarrow
21:54 Horse Collar
22:07 Gold Mining
22:08 Stone Mining
23:53 Forging
23:43 Scale Mail Armor
23:11 Pikeman
24:09 Crossbowman
30:15 Bow Saw
32:28 Heavy Plow
38:16 Thumb Ring
47:12 Imperial Age
48:18 Scale Barding Armor
50:28 Conscription
54:28 Onager
El Don Natas
6:09 Loom
8:58 Feudal Age
9:28 Feudal Age
10:07 Double-Bit Axe
17:02 Wheelbarrow
20:15 Castle Age
18:41 Forging
19:06 Scale Barding Armor
21:45 Iron Casting
21:36 Chain Barding Armor
21:28 Bloodlines
21:21 Husbandry
21:44 Gold Mining
23:01 Bow Saw
25:42 Pikeman
26:26 Scale Mail Armor
27:39 Hand Cart
31:28 Town Watch
33:03 Light Cavalry
35:10 Town Patrol
35:43 Horse Collar
37:36 Szlachta Privileges
44:59 Imperial Age
43:09 Sanctity
43:00 Redemption
43:25 Fletching
43:36 Padded Archer Armor
45:12 Cavalier
47:04 Conscription
49:14 Chemistry
48:10 Stone Mining
52:10 Winged Hussar
Wallylee
12:02 Feudal Age
13:37 Loom
18:04 Castle Age
26:52 Forging
26:51 Scale Barding Armor
27:58 Bloodlines
35:09 Horse Collar
35:20 Double-Bit Axe
39:54 Iron Casting
40:34 Heavy Plow
49:23 Chain Barding Armor
Scoobs (tcook)
9:30 Loom
11:16 Feudal Age
16:09 Castle Age
14:44 Horse Collar
14:52 Double-Bit Axe
23:42 Bow Saw
24:12 Heavy Plow
28:19 Bloodlines
28:11 Husbandry
36:58 Imperial Age
41:01 Double Crossbow
40:23 Elite Ballista Elephant
45:43 Light Cavalry
54:53 Hussar
Connection lost

Rejoining the realm…

Still unreachable

The connection could not be restored.

Session expired

The server has moved on; the page needs a fresh start.